 Dungeon Crawl Stone Soup version 0.30.0 (webtiles) character file.

Game seed: 2158982357949755115

136 samcosmo the Firebug (level 4, -2/36 HPs)
             Began as a Draconian Fire Elementalist on July 24, 2023.
             Slain by a gnoll
             ... wielding a +0 spear
              (7 damage)
             ... on level 3 of the Dungeon.
             The game lasted 00:06:55 (2600 turns).

samcosmo the Firebug (Draconian Fire Elementalist)  Turns: 2600, Time: 00:06:56

Health: -2/36      AC:  5    Str: 10    XL:     4   Next: 98%
Magic:  17/18      EV: 11    Int: 18    God:
Gold:   142        SH:  3    Dex: 11    Spells: 3/9 levels left

rFire   . . .        h - +2 hand axe (elec)
rCold   . . .        d - +0 buckler
rNeg    . . .        (body armour unavailable)
rPois   .            (helmet restricted)
rElec   .            e - scarf {repulsion}
rCorr   .            (no gloves)
SInv    .            (no boots)
Will    .....        (no amulet)
Stlth   ++           j - ring of magical power
HPRegen 0.26/turn    (no ring)
MPRegen 0.16/turn

%: repel missiles
@: no status effects
A: AC +5, unfitting armour, cold-blooded
a: no special abilities


You were on level 3 of the Dungeon.
You visited 1 branch of the dungeon, and saw 3 of its levels.

You collected 142 gold pieces.

Inventory:

Hand Weapons
 h - a +2 hand axe of electrocution (weapon)
Armour
 d - a +0 buckler (worn)
 e - a scarf of repulsion (worn)
Jewellery
 i - an amulet of guardian spirit
 j - a ring of magical power (left hand)
 k - an amulet of regeneration
Scrolls
 c - a scroll of enchant weapon
 g - 2 scrolls of teleportation
Potions
 a - a potion of magic
 b - a potion of heal wounds
 f - a potion of ambrosia


   Skills:
 + Level 2.2 Fighting
 - Level 1.7 Dodging
 - Level 1.7 Stealth
 + Level 3.4 Spellcasting
 - Level 1.0 Conjurations
 * Level 4.1 Fire Magic


You had 3 spell levels left.
You knew the following spells:

 Your Spells              Type           Power      Damage    Failure   Level
a - Foxfire               Conj/Fire      48%        2x1d6     9%          1
b - Scorch                Fire           34%        2d6       7%          2
c - Volatile Blastmotes   Fire/Tloc      20%        2d11      30%         3

Your spell library contained the following spells:

 Spells                   Type           Power      Damage    Failure   Level
 Freeze                   Ice            12%        1d3       24%         1
 Inner Flame              Hex/Fire       10%        N/A       30%         3
 Hailstorm                Conj/Ice       4%         3d4       50%         3
 Frozen Ramparts          Ice            6%         1d1       56%         3
 Flame Wave               Conj/Fire      12%        2d6       63%         4


Dungeon Overview and Level Annotations

Branches:
Dungeon (3/15)

Altars:


Innate Abilities, Weirdness & Mutations

Your plain brown scales are hard. (AC +5)
You cannot fit into any form of body armour.
You are cold-blooded and may be slowed by cold attacks.


Message History

You conjure some foxfire!
There is not enough space to conjure foxfire!
You hit the gnoll. Lightning courses through the gnoll!
The gnoll is almost dead.
The foxfire hits the gnoll but does no damage.
The gnoll is almost dead.
You conjure some foxfire!
The gnoll misses you.
The foxfire hits the gnoll.
The gnoll is lightly wounded.
You closely miss the gnoll.
The gnoll is almost dead.
You hit the gnoll. The gnoll hits you with a +0 whip.
The gnoll hits you from afar with a +0 spear!
The gnoll closely misses you.
The gnoll hits you from afar with a +0 spear.
You block the gnoll's attack.
Your foxfire dissipates!
You hit the gnoll. Lightning courses through the gnoll!
You kill the gnoll!
You hit the gnoll. Lightning courses through the gnoll!
You kill the gnoll!
The gnoll hits you with a +0 spear!
Things that are here:
a +2 flail of draining; a +0 whip; a gnoll corpse You are too injured to fight recklessly!
You are too injured to fight recklessly!
You are too injured to fight recklessly!
You are too injured to fight recklessly!
You are too injured to fight recklessly!
You closely miss the gnoll. The gnoll barely misses you.
The gnoll hits you with a +0 spear.
You completely miss the gnoll. The gnoll hits you with a +0 spear.
* * * LOW HITPOINT WARNING * * *
You hit the gnoll.
The gnoll is moderately wounded.
The gnoll hits you with a +0 spear.
* * * LOW HITPOINT WARNING * * *
Casting: Foxfire (safe; 9% risk of failure)
Confirm with . or Enter, or press ? or * to list all spells.
You conjure some foxfire!
The gnoll hits you with a +0 spear!
You die...

##...###....#####
##..# ###### ##.# #.#
#รท# ## #.# .. #.# #.
#####.####### ####.
#v@v........#
#....####g###.#####.#
#.?.g.....##...## #.#
#....######.....# #.#
#...... ##...## #.#
####.## ##.##
#.####### #. #.#
#.......# # #.#
#######.# ##'##
######.#


You could see a gnoll (ally target).

Vanquished Creatures
  An orc wizard (D:3)
  5 gnolls
  A dart slug (D:1)
  12 orcs (D:3)
  3 ball pythons
  3 bats
  5 endoplasms
  6 goblins
  3 hobgoblins (D:1)
  A quokka (D:2)
  A frilled lizard (D:1)
  3 kobolds
  7 rats
51 creatures vanquished.

Vanquished Creatures (others)
  147 foxfires
147 creatures vanquished.

Grand Total: 198 creatures vanquished

Notes
Turn   | Place    | Note
-------+----------+-------------------------------------------
     0 | D:1      | samcosmo the Draconian Fire Elementalist began the quest
                  | for the Orb.
     0 | D:1      | Reached XP level 1. HP: 14/14 MP: 3/3
   283 | D:1      | Reached XP level 2. HP: 22/22 MP: 0/5
   553 | D:1      | Found a faded altar of an unknown god.
   671 | D:1      | Learned a level 2 spell: Scorch
   764 | D:1      | Reached skill level 1 in Fighting
  1001 | D:2      | Reached XP level 3. HP: 28/28 MP: 0/7
  2056 | D:3      | Learned a level 3 spell: Volatile Blastmotes
  2065 | D:3      | Reached XP level 4. HP: 34/36 MP: 8/8
  2401 | D:3      | Reached skill level 4 in Fire Magic
  2600 | D:3      | Slain by a gnoll

Illustrated notes

Levels and vault maps discovered:
D:1:      lightli_arrival_isolated_outpost, layout_rooms,
          dreamdust_ecumenical_altar_angels_and_demons
D:2:      layout_loops_corners
D:3:      layout_loops_corners

Skill      XL: |  1  2  3  4 |
---------------+-------------+-----
Fighting       | 1 2 |  2.2
Spellcasting   | 3 |  3.4
Fire Magic     | 4 |  4.1
Dodging        | |  1.7
Stealth        | |  1.7
Conjurations   | |  1.0

Action                     |  1- 3 |  4- 6 || total
---------------------------+-------+-------++-------
  Melee: Unarmed           |     8 |       ||     8
         Hand axe          |     2 |    15 ||    17
         Tailslap          |     1 |       ||     1
   Cast: Foxfire           |    70 |    27 ||    97
    Use: Scroll            |     4 |       ||     4
 Armour: Skin              |     1 |     5 ||     6
  Dodge: Dodged            |    18 |     7 ||    25
         Repelled          |       |     1 ||     1
  Block: Buckler           |     1 |     1 ||     2
